 Dungeon Crawl Stone Soup version 0.30-b1-2-g02819fbbbe (webtiles) character file.

Game seed: 15915298340196423041

238 MisterFreud the Sneak (level 6, -3/44 HPs)
             Began as a Gnoll Wanderer on Oct 20, 2023.
             Slain by a river rat (7 damage)
             ... in a sewer.
             The game lasted 00:04:40 (2803 turns).

MisterFreud the Sneak (Gnoll Wanderer)              Turns: 2803, Time: 00:04:41

Health: -3/44      AC:  4    Str: 16    XL:     6   Next: 7%
Magic:  0/11       EV: 11    Int: 11    God:
Gold:   180        SH:  3    Dex:  9    Spells: 10/11 levels left

rFire   . . .        f - +0 short sword (venom)
rCold   . . .        v - +0 buckler
rNeg    . . .        d - +0 leather armour
rPois   .            (no helmet)
rElec   .            (no cloak)
rCorr   .            (no gloves)
SInv    .            t - +0 pair of boots
Will    .....        (no amulet)
Stlth   +++          (no ring)
HPRegen 0.27/turn    (no ring)
MPRegen 0.12/turn

%: no passive effects
@: no status effects
A: fangs 1, strong nose, distributed training
a: no special abilities


You were in a sewer.
You visited 1 branch of the dungeon, and saw 3 of its levels.
You also visited: Sewer.

You collected 180 gold pieces.

Inventory:

Hand Weapons
 a - a +0 club
 f - a +0 short sword of venom (weapon)
Missiles
 j - 3 poisoned darts
 q - 4 boomerangs
Armour
 b - a +0 pair of boots
 d - a +0 leather armour (worn)
 t - a +0 pair of boots (worn)
 v - a +0 buckler (worn)
Scrolls
 c - a scroll of fog
 g - a scroll of blinking {unknown}
 k - a scroll of brand weapon {unknown}
 l - a scroll of poison {unknown}
 n - a scroll of fear {unknown}
 r - a scroll of enchant weapon {unknown}
 s - a scroll of teleportation {unknown}
 u - a scroll of immolation {unknown}
Potions
 e - a potion of lignification
 h - a potion of haste {unknown}
 i - a potion of might {unknown}
 m - a potion of curing {unknown}
 o - 2 potions of flight
 p - 2 potions of invisibility
 w - a potion of heal wounds {unknown}
 x - a potion of degeneration {unknown}


   Skills:
 + Level 1.8 Fighting
 + Level 1.8 Short Blades
 + Level 1.8 Long Blades
 + Level 1.8 Axes
 + Level 1.8 Maces & Flails
 + Level 1.8 Polearms
 + Level 1.8 Staves
 + Level 1.8 Ranged Weapons
 + Level 1.8 Throwing
 + Level 3.2 Armour
 + Level 3.2 Dodging
 + Level 6.2 Stealth
 + Level 1.8 Shields
 + Level 3.2 Unarmed Combat
 + Level 3.3 Spellcasting
 + Level 1.4 Conjurations
 + Level 1.4 Hexes
 + Level 1.4 Summonings
 + Level 1.4 Necromancy
 + Level 1.4 Translocations
 + Level 1.4 Transmutations
 + Level 1.4 Fire Magic
 + Level 1.4 Ice Magic
 + Level 1.4 Air Magic
 + Level 5.6 Earth Magic
 + Level 1.4 Poison Magic
 + Level 2.0 Invocations
 + Level 1.8 Evocations


You had 10 spell levels left.
You knew the following spells:

 Your Spells              Type           Power      Damage    Failure   Level
a - Sandblast             Erth           28%        2d8       4%          1

Your spell library contained the following spells:

 Spells                   Type           Power      Damage    Failure   Level
 Ozocubu's Armour         Ice            5%         N/A       56%         3
 Leda's Liquefaction      Hex/Erth       4%         N/A       67%         4
 Petrify                  Tmut/Erth      9%         N/A       67%         4
 Metabolic Englaciation   Hex/Ice        2%         N/A       99%         5
 Simulacrum               Ice/Necr       2%         N/A       100%        6


Dungeon Overview and Level Annotations

Branches:
Dungeon (3/15)              Sewer (1/1)

Altars:


Innate Abilities, Weirdness & Mutations

You have very sharp teeth.
Your uncanny sense of smell can sniff out nearby items.
Your experience applies equally to all skills.


Message History

Aiming: Sandblast (safe; 4% risk of failure)
Press: ? - help, Q - select action, (/) - cycle Shift-Dir - straight line, f/p - river rat
Aim: a river rat (moderately wounded, 80% to hit)
The blast of sand hits the river rat.
The river rat is severely wounded.
The river rat bites you. The river rat barely misses you.
Aiming: Sandblast (safe; 4% risk of failure)
Press: ? - help, Q - select action, (/) - cycle Shift-Dir - straight line, f/p - river rat
Aim: a river rat (severely wounded, 80% to hit)
The blast of sand hits the river rat.
You kill the river rat!
You block the river rat's attack. The river rat closely misses you.
You hit the river rat but do no damage. The river rat bites you.
You closely miss the river rat. Your bite misses the river rat.
You block the river rat's attack.
You hit the river rat but do no damage. You block the river rat's attack.
You hit the river rat but do no damage. You block the river rat's attack.
Your +0 short sword of venom begins to drip with poison!
f - a +0 short sword of venom (weapon)
You hit the river rat but do no damage.
The river rat is poisoned.
You block the river rat's attack.
You hit the river rat but do no damage. The river rat bites you.
* * * LOW HITPOINT WARNING * * *
You closely miss the river rat.
The river rat bites you but does no damage.
You hit the river rat but do no damage.
The river rat looks even sicker.
The river rat is lightly wounded.
The river rat bites you!
* * * LOW HITPOINT WARNING * * *
Casting: Sandblast (safe; 4% risk of failure)
Confirm with . or Enter, or press ? or * to list all spells.
Aiming: Sandblast (safe; 4% risk of failure)
Press: ? - help, Shift-Dir - straight line, f - river rat
Aim: a river rat (lightly wounded, very poisoned, 80% to hit)
The blast of sand hits the river rat.
The river rat is heavily wounded.
The river rat barely misses you.
Unknown command.
The river rat attacks as you move away! The river rat bites you!
You die...

########.###
#∩@r.†....~.
#∩.~.~~.~..~
############


You could see a river rat (very poisoned).

Vanquished Creatures
  Jessica (D:3)
  2 orc wizards (D:3)
  6 adders
  3 gnolls (D:3)
  3 river rats
  A dart slug (D:2)
  3 orcs (D:3)
  7 ball pythons
  An endoplasm (D:1)
  4 giant cockroaches
  2 goblins
  4 hobgoblins
  5 kobolds
  2 quokkas
  2 bats (D:3)
  2 frilled lizards
  8 rats
56 creatures vanquished.

Notes
Turn   | Place    | Note
-------+----------+-------------------------------------------
     0 | D:1      | MisterFreud the Gnoll Wanderer began the quest for the Orb.
     0 | D:1      | MisterFreud set off with the following items: a +0 club, a
                  | +0 pair of boots, a scroll of fog, a +0 leather armour, a
                  | potion of lignification; and the following spell memorised:
                  | Sandblast; and the following spells available to memorise:
                  | Leda's Liquefaction, Petrify.
     0 | D:1      | Reached XP level 1. HP: 13/13 MP: 4/4
   444 | D:1      | Reached XP level 2. HP: 19/19 MP: 3/5
  1377 | D:2      | Reached skill level 6 in Stealth
  1377 | D:2      | Reached XP level 3. HP: 25/25 MP: 4/7
  1557 | D:2      | Reached skill level 1 in Invocations
  1594 | D:2      | Reached skill level 1 in Fighting
  1594 | D:2      | Reached skill level 1 in Short Blades
  1594 | D:2      | Reached skill level 1 in Long Blades
  1594 | D:2      | Reached skill level 1 in Axes
  1594 | D:2      | Reached skill level 1 in Maces & Flails
  1594 | D:2      | Reached skill level 1 in Polearms
  1594 | D:2      | Reached skill level 1 in Staves
  1594 | D:2      | Reached skill level 1 in Ranged Weapons
  1594 | D:2      | Reached skill level 1 in Throwing
  1594 | D:2      | Reached skill level 1 in Shields
  1594 | D:2      | Reached skill level 1 in Evocations
  1620 | D:2      | Found the +10 Black Knight's barding {ponderous, rPois rN+}
  2088 | D:2      | Reached XP level 4. HP: 32/32 MP: 6/8
  2273 | D:3      | Noticed Jessica
  2276 | D:3      | Killed Jessica
  2277 | D:3      | Reached skill level 1 in Conjurations
  2277 | D:3      | Reached skill level 1 in Hexes
  2277 | D:3      | Reached skill level 1 in Summonings
  2277 | D:3      | Reached skill level 1 in Necromancy
  2277 | D:3      | Reached skill level 1 in Translocations
  2277 | D:3      | Reached skill level 1 in Transmutations
  2277 | D:3      | Reached skill level 1 in Fire Magic
  2277 | D:3      | Reached skill level 1 in Ice Magic
  2277 | D:3      | Reached skill level 1 in Air Magic
  2277 | D:3      | Reached skill level 1 in Poison Magic
  2421 | D:3      | Reached XP level 5. HP: 30/37 MP: 3/9
  2726 | D:3      | Found a glowing drain.
  2734 | Sewer    | Entered a sewer
  2782 | Sewer    | Reached XP level 6. HP: 38/44 MP: 7/11
  2803 | Sewer    | Slain by a river rat

Illustrated notes

Levels and vault maps discovered:
D:1:      matt_arrival_spirals, layout_basic, chequers_serial_rivers_micro_c,
          minmay_pentomino_z2
D:2:      layout_loops_corners
D:3:      layout_basic, lightli_sewer_entry_pipes,
          hangedman_abyss_or_decor_lesser_grid, uniq_jessica
Sewer:    sewer_co_cracked_pipes

Skill      XL: |  1  2  3  4  5 |
---------------+----------------+-----
Stealth        | 6 |  6.2
Invocations    | 1 2 |  2.0
Fighting       | 1 |  1.8
Short Blades   | 1 |  1.8
Long Blades    | 1 |  1.8
Axes           | 1 |  1.8
Maces & Flails | 1 |  1.8
Polearms       | 1 |  1.8
Staves         | 1 |  1.8
Ranged Weapons | 1 |  1.8
Throwing       | 1 |  1.8
Shields        | 1 |  1.8
Evocations     | 1 |  1.8
Spellcasting   | 3 |  3.3
Conjurations   | 1 |  1.4
Hexes          | 1 |  1.4
Summonings     | 1 |  1.4
Necromancy     | 1 |  1.4
Translocations | 1 |  1.4
Transmutations | 1 |  1.4
Fire Magic     | 1 |  1.4
Ice Magic      | 1 |  1.4
Air Magic      | 1 |  1.4
Poison Magic   | 1 |  1.4
Armour         | 3 |  3.2
Dodging        | 3 |  3.2
Unarmed Combat | 3 |  3.2
Earth Magic    | |  5.6

Action                     |  1- 3 |  4- 6 || total
---------------------------+-------+-------++-------
  Melee: Club              |     2 |       ||     2
         Short sword       |       |    15 ||    15
         Unarmed           |       |     6 ||     6
         Bite              |       |     2 ||     2
   Cast: Sandblast         |    50 |    57 ||   107
    Use: Scroll            |       |     3 ||     3
 Armour: Leather armour    |     7 |    10 ||    17
  Dodge: Dodged            |    25 |    30 ||    55
  Block: Buckler           |     2 |    11 ||    13
